 Dungeon Crawl Stone Soup version 0.30-a0-779-g7971cf19c3 (webtiles) character file.

Game seed: 3889053087751317261

655 Dittersdorf the Trooper (level 7, 0/44 HPs)
             Began as a Gargoyle Fighter on Feb 17, 2023.
             Slain by an ogre
             ... wielding a +0 giant club
              (29 damage)
             ... on level 5 of the Dungeon.
             The game lasted 00:05:00 (3519 turns).

Dittersdorf the Trooper (Gargoyle Fighter)          Turns: 3519, Time: 00:05:00

Health: 0/44       AC: 16    Str: 22    XL:     7   Next: 54%
Magic:  7/7        EV:  7    Int:  8    God:
Gold:   178        SH:  6    Dex:  9    Spells: 6/6 levels left

rFire   + . .      SeeInvis .    a - +1 flail
rCold   . . .      Faith    .    c - +1 buckler
rNeg    + . .      Spirit   .    s - +0 chain mail
rPois   ∞          Reflect  .    (no helmet)
rElec   +          Harm     .    (no cloak)
rCorr   .          Rampage  .    (no gloves)
Will    .....                    r - +0 pair of boots Stlth
                                 (no amulet)
HPRegen 0.27/turn                o - ring of protection from fire
MPRegen 0.10/turn                (no ring)

@: no status effects
A: sickness immunity, AC +4, negative energy resistance 1, electricity
resistance, torment resistance 1, petrification resistance
a: no special abilities


You were on level 5 of the Dungeon.
You visited 1 branch of the dungeon, and saw 5 of its levels.

You collected 178 gold pieces.

Inventory:

Hand Weapons
 a - a +1 flail (weapon)
Armour
 c - a +1 buckler (worn)
 r - a +0 pair of boots (worn)
 s - a +0 chain mail (worn)
Jewellery
 o - a ring of protection from fire (left hand)
Scrolls
 i - 2 scrolls of teleportation
 l - 2 scrolls of fear
 q - a scroll of blinking
Potions
 d - 4 potions of might
 f - 2 potions of heal wounds {unknown}
 k - 2 potions of mutation {unknown}
 m - a potion of invisibility
 p - a potion of haste {unknown}
 t - a potion of flight
 u - 2 potions of curing {unknown}
 w - a potion of resistance


   Skills:
 + Level 5.4 Fighting
 + Level 4.4 Maces & Flails
 + Level 5.4 Armour
 + Level 5.4 Shields


You had 6 spell levels left.
You didn't know any spells.
Your spell library contained the following spells:

 Spells                   Type           Power      Damage    Failure   Level
 Summon Small Mammal      Summ           0%         N/A       99%         1
 Call Canine Familiar     Summ           0%         N/A       100%        3
 Frozen Ramparts          Ice            0%         1d1       100%        3
 Summon Guardian Golem    Hex/Summ       0%         N/A       100%        3
 Ice Form                 Ice/Tmut       0%         N/A       100%        4
 Summon Ice Beast         Ice/Summ       0%         N/A       100%        4
 Orb of Destruction       Conj           0%         9d5       100%        7
 Spellforged Servitor     Conj/Summ      0%         N/A       100%        7


Dungeon Overview and Level Annotations

Branches:
Dungeon (5/15)
 Temple: D:4-7

Altars:
Ashenzari

Shops:
D:4 *

Annotations:
D:3 2 transporters, bande's ghost, amateur GrFi
D:4 1 transporter, olddryhag's ghost, amateur DsGl


Innate Abilities, Weirdness & Mutations

You are immune to sickness and miasma.
Your stone body is resilient. (AC +4)
You are immune to poison.
You resist negative energy. (rN+)
You are resistant to electric shocks. (rElec)
You are resistant to unholy torment.
You are immune to petrification.


Message History

You climb downwards.
Found a stone staircase leading down.
There is a stone staircase leading up here.
As you read the scroll of identify, it crumbles to dust.
w - a potion of resistance
As you read the scroll labelled OQONKAFIRIA, it crumbles to dust.
It is a scroll of enchant armour.
Your +0 buckler glows green for a moment.
An ogre comes into view. It is wielding a +0 giant club.
An orc wizard comes into view. It is wielding a +0 dagger.
The orc wizard shouts!
You hear a shout!
The orc wizard mumbles some strange words.
The orc wizard flickers and vanishes!
Deactivating autopickup; reactivate with Ctrl-A.
There is a stone staircase leading up here.
You climb upwards.
Level annotation: 1 transporter, olddryhag's ghost, amateur DsGl Reactivating autopickup.
There is a stone staircase leading down here.
There is a stone staircase leading down here.
You climb downwards.
Found a whip.
There is a stone staircase leading up here.
Found an escape hatch in the floor.
Okay, then.
You open the door. You open the door.
The ogre shouts!
An ogre is nearby!
You hit the ogre.
The ogre is lightly wounded.
The ogre closely misses you.
You thump the ogre!
The ogre is heavily wounded.
The ogre hits you with a +0 giant club!
You hit the ogre.
The ogre is severely wounded.
The ogre hits you with a +0 giant club!!
Ouch! That really hurt!
You die...

### #.### ######.#..
#......#.#
#.####.#.# #.#
#.#'### #.# #.....#
##### #@#
#.....###.... #O#
#............
..................
#....##.##.........
......#.##.........
....#..#.##.........
....#..#. #.........
.....+..# #.....<...
...#..... #.........


You could see an ogre.

Vanquished Creatures
  Grinder (D:3)
  Sigmund (D:3)
  A phantom (D:3)
  Jessica (D:2)
  An iguana (D:4)
  2 orc wizards
  4 gnolls (D:4)
  4 adders
  2 worms
  A dart slug (D:4)
  8 orcs
  4 ball pythons
  4 endoplasms
  3 hobgoblins
  7 kobolds
  3 bats
  4 frilled lizards
  8 goblins
  2 rats
61 creatures vanquished.

Notes
Turn   | Place    | Note
-------+----------+-------------------------------------------
     0 | D:1      | Dittersdorf the Gargoyle Fighter began the quest for the
                  | Orb.
     0 | D:1      | Reached XP level 1. HP: 14/14 MP: 1/1
   193 | D:1      | Reached XP level 2. HP: 19/19 MP: 2/2
   574 | D:2      | Noticed Jessica
   584 | D:2      | Killed Jessica
   585 | D:2      | Reached XP level 3. HP: 19/24 MP: 3/3
   927 | D:2      | You fall into a shaft and drop 2 floors!
   985 | D:4      | Noticed a phantom
  1001 | D:4      | Reached XP level 4. HP: 24/29 MP: 4/4
  1031 | D:3      | Killed a phantom
  1032 | D:3      | Reached XP level 5. HP: 15/33 MP: 5/5
  1136 | D:3      | Noticed Sigmund
  1147 | D:3      | Killed Sigmund
  1148 | D:3      | Reached XP level 6. HP: 29/39 MP: 6/6
  1237 | D:3      | Noticed Grinder
  1246 | D:3      | Paralysed by Grinder for 2 turns
  1268 | D:3      | Killed Grinder
  1269 | D:3      | Reached skill level 5 in Fighting
  1269 | D:3      | Reached skill level 5 in Armour
  1269 | D:3      | Reached skill level 5 in Shields
  1269 | D:3      | Reached XP level 7. HP: 24/44 MP: 7/7
  1532 | D:2      | Found a faded altar of an unknown god.
  1734 | D:3      | Found a transporter.
  1734 | D:3      | Found a transporter.
  1734 | D:3      | Noticed bande's ghost (amateur GrFi)
  2571 | D:4      | Found a broken altar of Ashenzari.
  2672 | D:4      | Found Ecewuin's Assorted Antiques.
  3082 | D:4      | Found a transporter.
  3087 | D:4      | Noticed olddryhag's ghost (amateur DsGl)
  3434 | D:5      | Entered Level 5 of the Dungeon
  3519 | D:5      | Slain by an ogre

Illustrated notes

Levels and vault maps discovered:
D:1:      dpeg_arrival_three_same_balls, layout_basic, nrook_mini_backslash
D:2:      layout_basic, dreamdust_ecumenical_altar_hidden_monk_grotto,
          uniq_jessica
D:3:      layout_loops_ring, gammafunk_ghost_arena, dk_noncrumbling_3,
          uniq_sigmund, uniq_grinder
D:4:      layout_basic, nicolae_ashenzari_skybound, serial_shops,
          nicolae_shop_advertising_works [nicolae_subvault_shop_adworks],
          gammafunk_ghost_mausoleum
D:5:      layout_basic, serial_shops, shop

Skill      XL: |  1  2  3  4  5  6 |
---------------+-------------------+-----
Fighting       | 4 5 |  5.4
Maces & Flails | 3 4 |  4.4
Armour         | 4 5 |  5.4
Shields        | 4 5 |  5.4

Action                     |  1- 3 |  4- 6 |  7- 9 || total
---------------------------+-------+-------+-------++-------
  Melee: Flail             |    95 |    56 |   138 ||   289
    Use: Scroll            |       |       |    14 ||    14
 Armour: Scale mail        |    48 |       |       ||    48
         Chain mail        |    18 |    29 |   129 ||   176
  Dodge: Dodged            |    45 |    18 |    62 ||   125
  Block: Buckler           |    20 |     9 |    30 ||    59

Table legend: (Time is in decaauts)
 A = Elapsed time spent in this place.
 B = Non-inter-level travel time spent in this place.
 C = Inter-level travel time spent in this place.
 D = Time resting spent in this place.
 E = Time spent auto-exploring this place.
 F = Levels seen in this place.
 G = Mean time per level.
                   A        B        C        D        E       F      G
               +--------+--------+--------+--------+--------+-----+--------+
         Total |   3598 |   3412 |    186 |    520 |   2090 |   5 |  719.6 |
       Dungeon |   3598 |   3412 |    186 |    520 |   2090 |   5 |  719.6 |
               +--------+--------+--------+--------+--------+-----+--------+

Top non-repeatable levels by time:
     D:4: 1212 daAuts
     D:3: 1051 daAuts
     D:2: 714 daAuts
     D:1: 566 daAuts
     D:5: 53 daAuts
